 Dungeon Crawl Stone Soup version 0.17-a0-1007-gb2305a1 (webtiles) character file.

149 Ngotmuk the Skirmisher (level 5, 0/50 HPs)
             Began as a Deep Dwarf Fighter on May 13, 2015.
             Killed by divine providence
             ... invoked by an orc priest
              (12 damage)
             ... on level 3 of the Dungeon.
             The game lasted 00:03:48 (1894 turns).

Ngotmuk the Skirmisher (Deep Dwarf Fighter)         Turns: 1894, Time: 00:03:48

Health: 0/50       AC: 11    Str: 20    XL:     5   Next: 9%
Magic:  5/5        EV:  3    Int:  9    God:
Gold:   83         SH:  9    Dex: 12    Spells: 0 memorised, 4 levels left

rFire  . . .     SeeInvis .     a - +0 war axe
rCold  . . .     Clarity  .     p - +0 plate armour
rNeg   . . .     SustAb   .     c - +0 shield
rPois  .         Gourm    .     (no helmet)
rElec  .         Spirit   .     (no cloak)
rCorr  +         Warding  .     (no gloves)
rMut   .         Stasis   .     (no boots)
MR     .....                    o - amulet of resist corrosion
Stlth  ..........               (no ring)
                                q - ring of wizardry

@: non-regenerating, not resistant to hostile enchantments, extremely unstealthy
A: damage resistance, recharge devices, sense surroundings 1, slow healing 3
a: Device Recharging


You were on level 3 of the Dungeon.
You were not hungry.

You visited 1 branch of the dungeon, and saw 3 of its levels.

You collected 83 gold pieces.

Inventory:

Hand weapons
 a - a +0 war axe (weapon)
Armour
 c - a +0 shield (worn)
 p - a +0 plate armour (worn)
Jewellery
 o - an amulet of resist corrosion (around neck)
 q - a ring of wizardry (left hand)
 s - a cursed ring of teleportation {unknown}
Magical devices
 e - a wand of heal wounds (5)
Scrolls
 b - a scroll of fog {unknown}
 g - 4 scrolls of identify
 h - a scroll of enchant armour {unknown}
 i - a scroll of remove curse
 j - a scroll of fear {unknown}
 n - a scroll of random uselessness {unknown}
 t - 2 scrolls of teleportation {unknown}
 u - a scroll of recharging {unknown}
Potions
 d - a potion of might
 k - 2 potions of curing {unknown}
 l - 2 potions of lignification
 r - a potion of cure mutation {unknown}
Comestibles
 f - 2 bread rations
 m - 2 fruits


   Skills:
 * Level 4.0 Fighting
 * Level 3.7 Axes
 + Level 3.7 Armour
 + Level 3.9 Shields


You had 4 spell levels left.
You didn't know any spells.

Dungeon Overview and Level Annotations

Branches:
Dungeon (3/15)

Altars:

Annotations:
D:3 Ijyb


Innate Abilities, Weirdness & Mutations

You are resistant to damage.
You can recharge devices by infusing magical energy.
You passively map a small area around you.
You do not heal naturally.


Message History

You block the kobold's attack.
The orc moves out of view.
Ijyb hits you but does no damage. You block the kobold's attack.
An orc and an orc priest come into view.
You closely miss Ijyb.
The orc shouts!
The orc priest shouts!
You slash the orc!
You kill the orc!
You hit the kobold.
You kill the kobold!
Your Fighting skill increases to level 4!
The quokka twitches its whiskers.
Ijyb hits you but does no damage.
You hit Ijyb.
Ijyb is lightly wounded.
You hit the orc.
The orc is severely wounded.
Ijyb hits you but does no damage.
The orc priest invokes the aid of Beogh against you.
Something smites you!
You die...

, , #####.#.#...<.# ,
#.....* #.......###.#.#
#..... +.......+..(..# ,
#.....####.....รท.###.#.#
, .......(##.......#
#.### ,
..o.....########.# #..
......... , .# #.# ## * ,
..o##.)g# #.# #.# ,
#.o.ro@# #.# #.#
#.o....####.# #.#######
#...........# #))......
#####.......# #.#......
#..........# #.#.....#
#..........###.#.....#
#...........##.#.....#
###########.##.#.....#
#####..#.#.....#


You could see Ijyb, 2 orc priests, 3 orcs and a quokka.

Vanquished Creatures
  2 orc wizards (D:3)
  Terence (D:2)
  An adder (D:3)
  2 worms
  A giant gecko (D:2)
  4 orcs (D:3)
  A ball python (D:1)
  4 bats
  5 giant cockroaches
  A hobgoblin (D:2)
  4 jackals (D:1)
  11 kobolds
  2 quokkas (D:3)
  2 giant newts
  7 goblins
  8 rats
56 creatures vanquished.

Notes
Turn   | Place    | Note
--------------------------------------------------------------
     0 | D:1      | Ngotmuk the Deep Dwarf Fighter began the quest for the Orb.
     0 | D:1      | Reached XP level 1. HP: 20/20 MP: 1/1
   219 | D:1      | Reached XP level 2. HP: 25/27 MP: 2/2
   869 | D:2      | Reached XP level 3. HP: 20/34 MP: 3/3
   928 | D:2      | Noticed Terence
   934 | D:2      | Killed Terence
  1287 | D:2      | Reached XP level 4. HP: 21/42 MP: 4/4
  1673 | D:3      | Reached XP level 5. HP: 21/50 MP: 5/5
  1886 | D:3      | Noticed Ijyb
  1893 | D:3      | Reached skill level 4 in Fighting
  1894 | D:3      | Killed from afar by an orc priest

Vault maps used:
D:1:      matt_arrival_spirals, fountainhead, minmay_close_crescents
D:2:      minmay_fountain_box, uniq_terence
D:3:      uniq_iyjb, uniq_sigmund

Action                   |  1- 3 |  4- 6 || total
-------------------------+-------+-------++-------
Melee: War axe           |   151 |    62 ||   213
  Use: Scroll            |     2 |       ||     2
  Eat: Beef jerky        |     1 |       ||     1
       Bread ration      |       |     1 ||     1
       Fruit             |       |     1 ||     1
